 Dungeon Crawl Stone Soup version 0.29-a0-506-ga2e7fffb44 (webtiles) character file.

Game seed: 4108276226611016799

16424 spaghetti the Warrior (level 12, -4/148 HPs)
             Began as an Ogre Berserker on May 28, 2022.
             Was an Elder of Trog.
             Slain by an eight-headed hydra (8 damage)
             ... on level 12 of the Dungeon.
             The game lasted 00:22:16 (15621 turns).

spaghetti the Warrior (Ogre Berserker)             Turns: 15621, Time: 00:22:16

Health: -4/148     AC:  9    Str: 28    XL:     12   Next: 37%
Magic:  0/21       EV: 13    Int: 10    God:    Trog [****..]
Gold:   219        SH:  0    Dex:  6    Spells: 11/11 levels left

rFire   . . .      SeeInvis +   N - +10 great mace "Fiwaewn" {vamp, rC+, mace}
rCold   + . .      Faith    .   (shield currently unavailable)
rNeg    . . .      Spirit   +   P - +0 acid dragon scales
rPois   .          Reflect  .   (helmet restricted)
rElec   .          Harm     .   E - +1 cloak
rCorr   +          Rampage  .   (gloves unavailable)
Will    +++..                   (boots unavailable)
Stlth   +.........              q - amulet of guardian spirit
HPRegen 1.34/turn               f - ring of magical power
MPRegen 0.17/turn               D - +4 ring of evasion

@: strong-willed, on berserk cooldown, regenerating, slowed, very slow
A: large, unfitting armour, tough skin 1, see invisible, clever 1, clumsy 1
a: Renounce Religion, Berserk, Trog's Hand, Brothers in Arms


You were on level 12 of the Dungeon.
You worshipped Trog.
Trog was greatly pleased with you.
You visited 1 branch of the dungeon, and saw 12 of its levels.
You also visited: Sewer, Ossuary and Bailey.

You collected 795 gold pieces.
You spent 576 gold pieces at shops.


Innate Abilities, Weirdness & Mutations

You are too large for most types of armour.
You have tough skin. (AC +1)
You have supernaturally acute eyesight. (SInv)
Your mind is acute. (Int +2)
You are clumsy. (Dex -2)


   Skills:
 - Level 17.4 Fighting
 + Level 10.2 Maces & Flails
 + Level 8.7 Throwing
 - Level 2.6 Dodging
 - Level 4.9 Unarmed Combat


You had 11 spell levels left.
You didn't know any spells.
Your spell library contained the following spells:

 Spells                   Type           Power      Damage    Failure   Level
 Shock                    Conj/Air       0%         1d3       43%         1
 Ensorcelled Hibernation  Hex/Ice        0%         N/A       56%         2
 Passwall                 Tmut/Erth      0%         N/A       56%         2
 Summon Guardian Golem    Hex/Summ       0%         N/A       80%         3
 Swiftness                Air            0%         N/A       80%         3
 Airstrike                Air            0%         N/A       99%         4
 Iskenderun's Battlesphe  Conj           0%         2d6       100%        5
 Iron Shot                Conj/Erth      0%         9d1       100%        6
 Spellforged Servitor     Conj/Summ      0%         N/A       100%        7
 Dragon's Call            Summ           0%         N/A       100%        9

Inventory:

Hand Weapons
 j - the +4 whip of Trauma {freeze, Int+3, mace}
   (You found it on level 3 of the Dungeon)

   It freezes those it strikes, dealing additional cold damage.
   It can also slow down cold-blooded creatures.
   Int:       It affects your intelligence (+3).
 F - a +2 spectral giant spiked club {mace}
   (You bought it in a shop on level 7 of the Dungeon)
 G - a +0 giant spiked club {mace}
   (You took it off an ogre on level 6 of the Dungeon)
 N - the +10 great mace "Fiwaewn" (weapon) {vamp, rC+, mace}
   (You bought it in a shop on level 7 of the Dungeon)

   It occasionally heals its wielder for a portion of the damage dealt when it
   wounds a living foe.
   rC:        It protects you from cold.
Missiles
 e - 397 stones (quivered) {throwing}
 o - 7 large rocks {=fthrowing}
 p - 20 poisoned darts {throwing}
 t - 8 curare-tipped darts {=fthrowing}
 x - a silver boomerang {throwing}
 A - 9 boomerangs {throwing}
Armour
 a - a +0 animal skin
 E - a +1 cloak (worn)
   (You bought it in a shop on level 5 of the Dungeon)
 P - +0 acid dragon scales (worn)
   (You found it on level 10 of the Dungeon)
Magical Staves
 k - a staff of conjuration {forbidden!a@e2staff}
   (You found it on level 3 of the Dungeon)
Jewellery
 f - a ring of magical power (left hand)
   (You found it on level 1 of the Dungeon)
 g - a ring of protection from fire
   (You found it on level 1 of the Dungeon)
 q - an amulet of guardian spirit (around neck)
   (You found it on level 4 of the Dungeon)
 D - a +4 ring of evasion (right hand)
   (You found it on level 5 of the Dungeon)
 J - a ring of protection from fire
   (You found it in an ossuary)
Wands
 v - a wand of polymorph (14)
   (You took it off Ijyb on level 4 of the Dungeon)
 y - a wand of iceblast (11)
   (You found it on level 4 of the Dungeon)
 O - a wand of mindburst (5)
   (You found it on level 10 of the Dungeon)
Scrolls
 m - 6 scrolls of teleportation {@r4}
 n - 5 scrolls of vulnerability {!r!r}
 H - 3 scrolls of poison {!r}
 K - a scroll of silence {!r}
 L - a scroll of immolation {!r!r}
 Q - a scroll of magic mapping {!r}
Potions
 b - 11 potions of curing {@q1}
 c - a potion of invisibility
 d - 5 potions of heal wounds {@q2}
 h - 2 potions of cancellation
 i - a potion of lignification {!q}
 l - a potion of ambrosia
 r - 2 potions of attraction {!q}
 u - 4 potions of flight
 w - a potion of degeneration {!q@e2}
 z - 2 potions of brilliance {unknown}
 B - a potion of haste {@q3}
 C - 2 potions of berserk rage {unknown}
 I - 2 potions of might {unknown}
 M - a potion of resistance {unknown}
Miscellaneous
 s - a piece from Xom's chessboard (15/15)
   (You found it on level 9 of the Dungeon)
 R - a phial of floods
   (You found it on level 11 of the Dungeon)

Dungeon Overview and Level Annotations

Branches:
Dungeon (12/15)            Temple (0/1) D:7            Lair (0/6) D:8
    Orc (0/2) D:11          Sewer (visited)         Ossuary (visited)
 Bailey (visited)

Altars:
Yredelemnul

Shops:
D:5 [   D:7 ((([(

##############
####.))@D........
#.....)O)########
#.##.###.#
#######.##.# #.#
......#.##.# #.#
...........# ...
. #####.#.####
### ##### #.#.# .
..# #.#.#


You could see an eight-headed hydra (ally target) and a friendly ogre (summoned,
berserk).


Message History

You regained 31 hp, and now have 108/222 hp.
You pound Urug like an anvil!!! You barely miss Urug. Urug misses you.
You bludgeon Urug!!
You feel better.
You kill Urug!
Trog accepts your kill. 😮 HP[+19]
You regained 19 hp, and now have 127/222 hp.
You start resting.
You feel a strong urge to attack something.
An eight-headed hydra comes into view.
The eight-headed hydra roars!
Items here: ( ) / [ †. 😮 HP[+1] Unknown command.
An eight-headed hydra is nearby!
Okay, then.
You feel your anger nearly subside.
You are no longer berserk.
You are exhausted.
You feel yourself slow down. 😮 HP[-43]
You now have 148 max hp (-74).
Unknown command.
Okay, then.
Your ogre goes berserk!
Trog will no longer gift you weapons. 😮 HP[+1] MP[+1] Unknown command.
Unknown command.
The eight-headed hydra bites your ogre!
The eight-headed hydra bites your ogre. x2
The eight-headed hydra bites your ogre! x3
Your ogre dies!
Your ogre's corpse disappears in a puff of smoke! 😮 HP[+1]
Your ogre goes berserk! 😮 MP[+1] Unknown command.
Unknown command.
Your skin crawls.
You feel strong-willed.
Your ogre barely misses the eight-headed hydra.
The eight-headed hydra misses you.
The eight-headed hydra barely misses you.
The eight-headed hydra bites you! x2
* * * LOW HITPOINT WARNING * * *
The eight-headed hydra misses you. The eight-headed hydra bites you.
* * * LOW HITPOINT WARNING * * *
The eight-headed hydra closely misses you.
The eight-headed hydra bites you!
* * * LOW HITPOINT WARNING * * *
😨 HP[-30] MP[-4]
You take 30 damage, and now have 57/148 hp.
MASSIVE DAMAGE!! (PAUSE)
You lost 4 mp, and now have 8/21 mp.
Unknown command.
You bludgeon the eight-headed hydra!!
You feel better.
Your ogre barely misses the eight-headed hydra.
The eight-headed hydra barely misses you.
The eight-headed hydra bites you!
* * * LOW HITPOINT WARNING * * *
The eight-headed hydra bites you!
* * * LOW HITPOINT WARNING * * *
The eight-headed hydra bites you but does no damage.
The eight-headed hydra bites you!
* * * LOW HITPOINT WARNING * * *
The eight-headed hydra bites you but does no damage.
The eight-headed hydra completely misses you.
The eight-headed hydra barely misses you.
Your ogre completely misses the eight-headed hydra.
The eight-headed hydra bites you.
* * * LOW HITPOINT WARNING * * *
The eight-headed hydra bites you.
* * * LOW HITPOINT WARNING * * *
The eight-headed hydra bites you.
* * * LOW HITPOINT WARNING * * *
The eight-headed hydra bites you!
* * * LOW HITPOINT WARNING * * *
The eight-headed hydra misses you. The eight-headed hydra bites you!
* * * LOW HITPOINT WARNING * * *
The eight-headed hydra bites you.
* * * LOW HITPOINT WARNING * * *
The eight-headed hydra misses you. 😱 HP[-55] MP[-8]
You take 55 damage, and now have 2/148 hp.
MASSIVE DAMAGE!! (PAUSE)
You lost 8 mp, and now have 0/21 mp.
Okay, then.
Okay, then.
You don't know any spells.
You feel much better.
Your ogre barely misses the eight-headed hydra.
The eight-headed hydra bites you!
* * * LOW HITPOINT WARNING * * *
The eight-headed hydra bites you.
* * * LOW HITPOINT WARNING * * *
The eight-headed hydra bites you but does no damage.
The eight-headed hydra bites you!
* * * LOW HITPOINT WARNING * * *
The eight-headed hydra bites you!
You die...

Skill      XL: |  1  2  3  4  5  6  7  8  9 10 11 12 |
---------------+-------------------------------------+-----
Unarmed Combat | 3 4 |  4.9
Fighting       | 5 6 8 9 11 12 14 17 | 17.4
Throwing       | 4 7 8 |  8.7
Maces & Flails | 1 9 10 | 10.2
Dodging        | |  2.6

Action                   |  1- 3 |  4- 6 |  7- 9 | 10-12 || total
-------------------------+-------+-------+-------+-------++-------
Melee: Unarmed           |   111 |     3 |       |       ||   114
       Punch             |     1 |     2 |     4 |       ||     7
       Whip              |       |    79 |   290 |       ||   369
       Giant spiked club |       |       |    22 |   142 ||   164
       Great mace        |       |       |       |   236 ||   236
Throw: Stone             |     1 |       |       |    20 ||    21
Invok: Berserk           |     1 |     3 |     6 |    13 ||    23
       Trog's Hand       |       |     2 |     1 |     6 ||     9
       Brothers in Arms  |       |       |       |     3 ||     3
  Use: Scroll            |     8 |     3 |     8 |     7 ||    26
       Potion            |       |       |       |     9 ||     9
 Stab: Sleeping          |       |     1 |       |       ||     1
       Distracted        |       |       |       |     1 ||     1
Armor: Animal skin       |    23 |    26 |    88 |    81 ||   218
       Acid dragon scale |       |       |       |    91 ||    91
Dodge: Dodged            |    43 |    54 |   203 |   384 ||   684

Levels and vault maps discovered:
D:1:      dpeg_arrival_simpleton_b, layout_rooms, hangedman_decor_points
D:2:      kennysheep_big_flooded_room, layout_basic,
          shapermc_ecumenical_altar_gd, minmay_misc_feat_plants,
          kennysheep_generic_room_6
D:3:      layout_basic, kennysheep_generic_room_3
D:4:      layout_gridville, portal_sewer_entry_a, uniq_ijyb, uniq_eustachio
D:5:      layout_basic, serial_shops, shop_fountains
D:6:      layout_basic
D:7:      layout_rooms, minmay_temple_entry_glass, serial_shops, shop_coins,
          nicolae_diamond_shop, nicolae_shop_bloodbath_and_beyond,
          nicolae_stop_n_shop_2, nicolae_take_the_stairs, enter_bailey_5,
          roderic_lattice_a, serial_bayou_ford_a
D:8:      minmay_bloctagon_deflated, layout_loops_cross, lair_entry_dummy,
          gup_ossuary_entry_pyramid, uniq_prince_ribbit1
D:9:      layout_roguey, minmay_misc_feat_chi
D:10:     layout_cave_pools, marbit_many_paths, st_stairs_11
D:11:     layout_basic, zombieorc2_lemuel
D:12:     layout_loops_ring, uniq_urug

Notes
Turn   | Place    | Note
-------+----------+-------------------------------------------
     0 | D:1      | spaghetti the Ogre Berserker began the quest for the Orb.
     0 | D:1      | Reached XP level 1. HP: 24/24 MP: 1/1
     0 | D:1      | magus.rc [v1.9.6]
    40 | D:1      | Reached skill level 3 in Unarmed Combat
   107 | D:1      | Reached XP level 2. HP: 28/32 MP: 2/2
   142 | D:1      | You pick up a book of Burglary {forbidden} and begin
                  | reading...
   142 | D:1      | You add the spells Passwall, Ensorcelled Hibernation and
                  | Swiftness to your library.
   332 | D:1      | You pick up a book of Air {forbidden} and begin reading...
   332 | D:1      | You add the spells Shock and Airstrike to your library.
  1143 | D:2      | Reached XP level 3. HP: 31/40 MP: 3/3
  2069 | D:2      | Reached ** piety under Trog
  2125 | D:2      | Found a faded altar of an unknown god.
  2301 | D:3      | Reached skill level 5 in Fighting
  2425 | D:3      | Reached XP level 4. HP: 47/50 MP: 4/4
  2453 | D:3      | Identified the +4 whip of Trauma {freeze, Int+3}
  2503 | D:3      | Reached skill level 6 in Fighting
  2655 | D:3      | Reached XP level 5. HP: 59/59 MP: 5/5
  3453 | D:4      | You add the spells Summon Guardian Golem, Spellforged
                  | Servitor and Dragon's Call to your library.
  3453 | D:4      | Got the Handbook of Companions {forbidden}
  3467 | D:4      | Noticed Eustachio
  3474 | D:4      | Killed Eustachio
  3475 | D:4      | Reached skill level 8 in Fighting
  3475 | D:4      | Reached XP level 6. HP: 72/72 MP: 6/6
  3654 | D:4      | HP: 18/74 [poisoned by a scorpion]
  3889 | D:4      | Found a glowing drain.
  3903 | Sewer    | Entered a sewer
  4003 | Sewer    | Reached skill level 9 in Fighting
  4003 | Sewer    | Reached XP level 7. HP: 64/83 MP: 7/7
  4273 | Sewer    | Found a glowing silver altar of Zin.
  4352 | D:4      | Noticed Ijyb
  4364 | D:4      | Killed Ijyb
  4488 | D:4      | Reached skill level 10 in Fighting
  5018 | D:5      | Entered Level 5 of the Dungeon
  5026 | D:5      | Reached skill level 11 in Fighting
  5149 | D:5      | Reached XP level 8. HP: 96/97 MP: 8/8
  5188 | D:5      | Reached *** piety under Trog
  5189 | D:5      | Reached skill level 4 in Unarmed Combat
  5202 | D:5      | Reached skill level 1 in Throwing
  5963 | D:5      | Found Jesmin's Antique Armour Boutique.
  5971 | D:5      | Bought a cloak for 117 gold pieces
  5992 | D:5      | Reached skill level 2 in Throwing
  6317 | D:6      | Reached skill level 12 in Fighting
  6324 | D:6      | Reached skill level 3 in Throwing
  6997 | D:7      | Reached skill level 4 in Throwing
  6997 | D:7      | Reached XP level 9. HP: 84/107 MP: 9/9
  7170 | D:7      | Found Buticytoiph's Armour Boutique.
  7314 | D:7      | Found a staircase to the Ecumenical Temple.
  7429 | D:7      | Reached skill level 13 in Fighting
  7435 | D:7      | Reached skill level 5 in Throwing
  7560 | D:7      | Found a flagged portal.
  7576 | D:7      | Found Afugiex's Weapon Shoppe.
  7592 | Bailey   | Entered a bailey
  8165 | Bailey   | Noticed a kobold demonologist
  8166 | Bailey   | Noticed a sun demon
  8172 | D:7      | HP: 39/165 [orc warrior/+0 war axe (6)]
  8177 | D:7      | HP: 20/165 [kobold demonologist/+0 war axe (7)]
  8178 | D:7      | Killed a kobold demonologist
  8179 | D:7      | Reached skill level 6 in Throwing
  8551 | D:7      | Found Nushagae's Antique Weapon Boutique.
  8566 | D:7      | Bought a glowing giant spiked club for 137 gold pieces
  8582 | D:7      | Found Giwirox's Antique Weapon Boutique.
  8589 | D:7      | Reached skill level 14 in Fighting
  8614 | D:7      | Found Jarphics's Antique Weapon Emporium.
  9078 | D:8      | Reached **** piety under Trog
  9084 | D:8      | Reached skill level 7 in Throwing
  9084 | D:8      | Reached XP level 10. HP: 103/123 MP: 10/10
  9324 | D:8      | Found a staircase to the Lair.
  9412 | D:8      | HP: 42/184 [something (4)]
  9413 | D:8      | HP: 12/184 [efreet/+4 scimitar of flaming (19)]
  9452 | D:8      | Found a sand-covered staircase.
  9459 | Ossuary  | Entered an ossuary
  9477 | Ossuary  | HP: 25/123 [bullfrog zombie (2)]
  9643 | Ossuary  | Reached skill level 15 in Fighting
  9681 | Ossuary  | Reached skill level 8 in Throwing
 10141 | Ossuary  | Gained mutation: You sometimes lose the ability to read
                  | scrolls when taking damage. [potion of mutation]
 10141 | Ossuary  | Gained mutation: You have large cloven feet. [potion of
                  | mutation]
 10142 | Ossuary  | Lost mutation: You sometimes lose the ability to read
                  | scrolls when taking damage. [potion of mutation]
 10142 | Ossuary  | Lost mutation: You have large cloven feet. [potion of
                  | mutation]
 10142 | Ossuary  | Gained mutation: You are clumsy. (Dex -2) [potion of
                  | mutation]
 10142 | Ossuary  | Gained mutation: You have supernaturally acute eyesight.
                  | (SInv) [potion of mutation]
 10142 | Ossuary  | Gained mutation: Your mind is acute. (Int +2) [potion of
                  | mutation]
 10220 | D:8      | Noticed a cyclops
 10230 | D:8      | Killed a cyclops
 10231 | D:8      | Reached skill level 16 in Fighting
 10427 | D:8      | Noticed Prince Ribbit
 10431 | D:8      | Killed Prince Ribbit
 10874 | D:8      | Noticed a two-headed ogre
 10883 | D:8      | Killed a two-headed ogre
 10884 | D:8      | Reached skill level 17 in Fighting
 11248 | D:9      | Reached skill level 1 in Maces & Flails
 11248 | D:9      | Reached XP level 11. HP: 139/139 MP: 11/11
 11278 | D:9      | Reached skill level 2 in Maces & Flails
 11281 | D:9      | Reached skill level 3 in Maces & Flails
 11518 | D:9      | Noticed a two-headed ogre
 11524 | D:9      | Killed a two-headed ogre
 11525 | D:9      | Reached skill level 4 in Maces & Flails
 12223 | D:7      | Bought a jewelled great mace for 322 gold pieces
 12223 | D:7      | Identified the +10 great mace "Fiwaewn" {vamp, rC+} (You
                  | bought it in a shop on level 7 of the Dungeon)
 12299 | D:10     | Entered Level 10 of the Dungeon
 12589 | D:10     | Reached skill level 5 in Maces & Flails
 12712 | D:10     | You pick up a book of Power {forbidden} and begin
                  | reading...
 12712 | D:10     | You add the spells Iskenderun's Battlesphere and Iron Shot
                  | to your library.
 12736 | D:10     | HP: 31/138 [poisoned by a killer bee]
 12738 | D:10     | HP: 15/138 [killer bee (7)]
 12990 | D:10     | Noticed a two-headed ogre
 13008 | D:9      | Reached skill level 6 in Maces & Flails
 13341 | D:10     | Killed a two-headed ogre
 13342 | D:10     | Reached skill level 7 in Maces & Flails
 13767 | D:10     | Reached skill level 8 in Maces & Flails
 14158 | D:10     | Found a basalt altar of Yredelemnul.
 14393 | D:11     | Reached skill level 9 in Maces & Flails
 14393 | D:11     | Reached XP level 12. HP: 42/148 MP: 10/12
 14454 | D:11     | Reached ***** piety under Trog
 14503 | D:11     | Found a staircase to the Orcish Mines.
 14584 | D:11     | Noticed a boulder beetle
 14592 | D:11     | Killed a boulder beetle
 15244 | D:12     | Noticed a five-headed hydra
 15249 | D:12     | Killed a five-headed hydra
 15258 | D:12     | Reached skill level 10 in Maces & Flails
 15598 | D:12     | Noticed Urug
 15610 | D:12     | Killed Urug
 15613 | D:12     | Noticed an eight-headed hydra
 15620 | D:12     | HP: 33/148 [eight-headed hydra (11)]
 15620 | D:12     | HP: 12/148 [eight-headed hydra (11)]
 15620 | D:12     | HP: 3/148 [eight-headed hydra (9)]
 15621 | D:12     | Slain by an eight-headed hydra

Vanquished Creatures
  A hydra (D:12)
  A boulder beetle (D:11)
  3 two-headed ogres
  Urug (D:12)
  2 cyclopes
  A kobold demonologist (D:7)
  An efreet (D:8)
  4 trolls
  Prince Ribbit (D:8)
  A slime creature (D:8)
  A hornet (D:8)
  3 shadows (D:11)
  3 wyverns
  A wraith (D:12)
  13 yaks
  A basilisk (D:11)
  Eustachio (D:4)
  A steam dragon (D:9)
  3 acid dragons
  A hornet zombie (Ossuary)
  A sky beast (D:7)
  9 orc warriors
  An ogre (shapeshifter) (D:8)
  An ogre (D:6)
  7 centaurs
  5 kobold brigands
  A phantom (D:10)
  6 bullfrogs
  A gnoll sergeant (D:11)
  2 necrophages
  5 scorpions
  3 wyvern zombies (Ossuary)
  8 wights
  4 water moccasin zombies (Ossuary)
  A troll zombie (D:11)
  7 killer bees
  An electric eel (D:7)
  3 howler monkeys (D:8)
  5 bullfrog zombies (Ossuary)
  6 centaur zombies (Ossuary)
  4 hounds
  A jelly (D:5)
  4 orc priests
  Ijyb (D:4)
  4 iguanas (D:6)
  14 orc wizards
  2 killer bee zombies (Ossuary)
  7 ogre zombies (D:11)
  13 mummies
  10 gnolls
  12 adders
  3 river rats
  2 shadow imps
  2 ufetubi
  2 worms
  A dart slug (D:1)
  35 orcs
  9 ball pythons
  A bat (D:3)
  5 endoplasms
  2 giant cockroaches
  6 goblins
  6 hobgoblins
  2 jackals (Sewer)
  3 quokkas
  A frilled lizard (D:2)
  3 goblin zombies (D:11)
  2 hobgoblin zombies (D:11)
  24 kobolds
  3 orc skeletons (D:11)
  17 orc zombies (D:11)
  10 rats
332 creatures vanquished.

Vanquished Creatures (collateral kills)
  2 yaks (D:10)
  2 killer bees (D:10)
4 creatures vanquished.

Vanquished Creatures (others)
  An orc wizard (D:12)
  3 orcs (D:12)
  8 withered plants (Ossuary)
12 creatures vanquished.

Grand Total: 348 creatures vanquished

Table legend:
 A = Non-vault XP
 B = Vault XP
 C = Vault XP percentage of total XP
 D = Non-vault monster count
 E = Vault monster count
 F = Vault count percentage of total count
                 A         B        C        D         E       F
            +---------+---------+-------+---------+---------+-------
      Total |   16972 |    6491 |  27.7 |     218 |     119 |  35.3
            +---------+---------+-------+---------+---------+-------
        D:1 |      26 |       0 |   0.0 |      15 |       0 |   0.0
        D:2 |      28 |      18 |  39.1 |       9 |       4 |  30.8
        D:3 |     116 |       0 |   0.0 |      17 |       0 |   0.0
        D:4 |     392 |     253 |  39.2 |      22 |       7 |  24.1
        D:5 |     591 |       0 |   0.0 |      19 |       0 |   0.0
        D:6 |     529 |       0 |   0.0 |      14 |       0 |   0.0
        D:7 |    1076 |     499 |  31.7 |      11 |       6 |  35.3
        D:8 |    1889 |    1568 |  45.4 |      25 |       6 |  19.4
        D:9 |    2501 |       0 |   0.0 |      28 |       0 |   0.0
       D:10 |    4914 |     612 |  11.1 |      36 |       4 |  10.0
       D:11 |    2362 |     523 |  18.1 |      11 |      35 |  76.1
       D:12 |    2548 |     782 |  23.5 |      11 |       1 |   8.3
      Sewer |       0 |     225 | 100.0 |       0 |      10 | 100.0
    Ossuary |       0 |    1563 | 100.0 |       0 |      33 | 100.0
     Bailey |       0 |     448 | 100.0 |       0 |      13 | 100.0
            +---------+---------+-------+---------+---------+-------

Illustrated notes

Table legend:
 A = Kills in this place as a percentage of kills in entire the game.
 B = Kills by you in this place as a percentage of kills by you in the entire game.
 C = Kills by friends in this place as a percentage of kills by friends in the entire game.
 D = Other kills in this place as a percentage of other kills in the entire game.
 E = Experience gained in this place as a percentage of experience gained in the entire game.
 F = Experience gained in this place divided by the number of levels of this place that you have seen.
                   A       B       C       D       E      F
               +-------+-------+-------+-------+-------+----------------------
         Total | 100.0 | 100.0 | 100.0 | 100.0 | 100.0 | 1564.2
       Dungeon |  83.4 |  83.1 | 100.0 | 100.0 |  90.5 | 1768.9
         Sewer |   3.0 |   3.0 |   0.0 |   0.0 |   1.0 | 225.0
       Ossuary |   9.8 |   9.9 |   0.0 |   0.0 |   6.7 | 1563.0
        Bailey |   3.9 |   3.9 |   0.0 |   0.0 |   1.9 | 448.0
               +-------+-------+-------+-------+-------+----------------------

Table legend: (Time is in decaauts)
 A = Elapsed time spent in this place.
 B = Non-inter-level travel time spent in this place.
 C = Inter-level travel time spent in this place.
 D = Time resting spent in this place.
 E = Time spent auto-exploring this place.
 F = Levels seen in this place.
 G = Mean time per level.
                   A        B        C        D        E       F      G
               +--------+--------+--------+--------+--------+-----+--------+
         Total |  16042 |  15572 |    470 |   1454 |  11973 |  15 | 1069.5 |
       Dungeon |  14237 |  13767 |    470 |   1309 |  10671 |  12 | 1186.4 |
         Sewer |    440 |    440 |      0 |      0 |    367 |   1 |  440.0 |
       Ossuary |    760 |    760 |      0 |     49 |    515 |   1 |  760.0 |
        Bailey |    604 |    604 |      0 |     95 |    419 |   1 |  604.0 |
               +--------+--------+--------+--------+--------+-----+--------+

Top non-repeatable levels by time:
     D:8: 1649 daAuts
    D:10: 1619 daAuts
     D:7: 1610 daAuts
     D:9: 1493 daAuts
     D:3: 1391 daAuts
     D:4: 1255 daAuts
     D:5: 1099 daAuts
     D:1: 1041 daAuts
     D:2: 951 daAuts
    D:11: 899 daAuts
     D:6: 797 daAuts
 Ossuary: 760 daAuts
  Bailey: 604 daAuts
   Sewer: 440 daAuts
    D:12: 428 daAuts
